[Event "December 12 Early 2023"]
[Site "https://www.chess.com"]
[Date "2023.12.12"]
[Round "6"]
[White "Lohani, Sujana"]
[Black "Luukkonen, Tommi"]
[Result "0-1"]
[Board "181"]
[TimeControl "180+1"]
[WhiteFideId "12311987"]
[BlackFideId "501808"]
[WhiteElo "2008"]
[BlackElo "2323"]
[WhiteTeam "NEP"]
[BlackTeam "FIN"]
[WhiteClock "0:00:00"]
[BlackClock "0:00:46"]

1. d4 Nf6 2. c4 g6 3. Nc3 Bg7 4. e4 O-O 5. f3 d6 6. Bd3 c5 7. d5 e6 8. Nge2 exd5 9. cxd5 Na6 10. Bxa6 bxa6 11. O-O a5 12. a4 Re8 13. Bg5 h6 14. Bh4 Ba6 15. Re1 Qb6 16. Qd2 Nd7 17. Bg3 Ne5 18. Bxe5 Rxe5 19. Ng3 Rb8 20. Rab1 Ree8 21. f4 Qb3 22. f5 Qc4 23. fxg6 fxg6 24. e5 Rxe5 25. Rxe5 dxe5 26. d6 Qd4+ 27. Qxd4 exd4 28. Nd5 Rd8 29. Ne4 Bd3 30. Re1 Bxe4 31. Rxe4 Rxd6 32. Ne7+ Kh7 33. Nc8 d3 34. Nxd6 d2 0-1

[Event "December 12 Early 2023"]
[Site "https://www.chess.com"]
[Date "2023.12.12"]
[Round "6"]
[White "Thake, Conrad"]
[Black "Sarkar, Justin"]
[Result "0-1"]
[Board "182"]
[TimeControl "180+1"]
[WhiteFideId "5602947"]
[BlackFideId "2010011"]
[WhiteElo "1964"]
[BlackElo "2316"]
[WhiteTeam "MLT"]
[BlackTeam "USA"]
[WhiteClock "0:00:20"]
[BlackClock "0:01:29"]

1. e4 f5 2. exf5 Nf6 3. Nf3 d5 4. d4 Bxf5 5. Bd3 e6 6. Bxf5 exf5 7. O-O Be7 8. Ne5 O-O 9. Nc3 c6 10. Bf4 Nbd7 11. Re1 Ne4 12. Nxe4 fxe4 13. Bg3 Nxe5 14. Bxe5 Bd6 15. Bxd6 Qxd6 16. Re3 Rae8 17. Qg4 Rf4 18. Qg3 Qf6 19. c3 Rf8 20. Rf1 h5 21. f3 h4 22. Qh3 Qg5 23. Qe6+ Kh8 24. Qe5 R4f5 25. f4 Qd8 26. Qe6 R8f6 0-1

[Event "December 12 Early 2023"]
[Site "https://www.chess.com"]
[Date "2023.12.12"]
[Round "6"]
[White "Santos, Isaque Goncalves"]
[Black "Filippova, Margarita"]
[Result "0-1"]
[Board "183"]
[TimeControl "180+1"]
[WhiteFideId "2103885"]
[BlackFideId "34199680"]
[WhiteElo "1840"]
[BlackElo "2316"]
[WhiteTeam "BRA"]
[BlackTeam "RUS"]
[WhiteClock "0:00:00"]
[BlackClock "0:01:02"]

1. d4 d5 2. c4 e6 3. Nc3 Nf6 4. Bg5 Be7 5. Nf3 O-O 6. e3 dxc4 7. Bxc4 a6 8. O-O Nbd7 9. Qe2 b5 10. Bd3 Bb7 11. Rfd1 h6 12. Bh4 Nd5 13. Bg3 Rc8 14. Ne4 Nb4 15. Nfd2 Nxd3 16. Qxd3 c5 17. dxc5 Nxc5 18. Qxd8 Rfxd8 19. Nxc5 Bxc5 20. Nb3 Bb6 21. Rdc1 f6 22. Kf1 e5 23. Ke2 Kf7 24. f3 Ke6 25. e4 Rc4 26. Rxc4 bxc4 27. Nd2 Bd4 28. Nxc4 Rc8 29. Kd3 a5 30. Rb1 Ba6 31. b3 a4 32. Be1 f5 33. Bc3 Ba7 34. Bd2 Rd8+ 35. Ke2 fxe4 36. fxe4 Rd4 37. Ke3 Rxc4+ 38. Ke2 Rxe4+ 39. Kd1 Re2 0-1

[Event "December 12 Early 2023"]
[Site "https://www.chess.com"]
[Date "2023.12.12"]
[Round "6"]
[White "Jakubowska, Anna"]
[Black "Gazineu Neto, Rubens"]
[Result "1-0"]
[Board "184"]
[TimeControl "180+1"]
[WhiteFideId "1121952"]
[BlackFideId "2174685"]
[WhiteElo "2335"]
[BlackElo "1973"]
[WhiteTeam "POL"]
[BlackTeam "BRA"]
[WhiteClock "0:01:21"]
[BlackClock "0:00:00"]

1. e4 c5 2. Nf3 Nc6 3. d4 cxd4 4. Nxd4 Nf6 5. Nc3 e5 6. Ndb5 d6 7. Bg5 a6 8. Na3 b5 9. Nd5 Be7 10. Bxf6 Bxf6 11. c3 O-O 12. Nc2 Bg5 13. a4 bxa4 14. Rxa4 a5 15. Bc4 Bd7 16. Ra1 Ne7 17. Nce3 Bxe3 18. Nxe3 Bc6 19. f3 Qb6 20. Qd2 Rad8 21. b3 Kh8 22. Qf2 f5 23. Nxf5 Qxf2+ 24. Kxf2 Nxf5 25. exf5 Rxf5 26. Rxa5 d5 27. Bd3 Rf6 28. Bb5 Bb7 29. Ra7 Rb6 30. c4 dxc4 31. bxc4 e4 32. Re1 exf3 33. gxf3 Bc6 34. Re6 Rxb5 35. cxb5 Bxb5 36. Rb6 Bd3 37. Rd6 1-0

[Event "December 12 Early 2023"]
[Site "https://www.chess.com"]
[Date "2023.12.12"]
[Round "6"]
[White "Guzman Lozano, Campo Elias"]
[Black "Aalto, Patrik"]
[Result "0-1"]
[Board "185"]
[TimeControl "180+1"]
[WhiteFideId "4403746"]
[BlackFideId "510726"]
[WhiteElo "2188"]
[BlackElo "2436"]
[WhiteTeam "COL"]
[BlackTeam "FIN"]
[WhiteClock "0:01:01"]
[BlackClock "0:01:34"]

1. e4 c5 2. Nc3 a6 3. g3 b5 4. Bg2 Bb7 5. d3 e6 6. Nf3 Nc6 7. O-O Be7 8. Be3 d6 9. Re1 Nf6 10. Nd2 O-O 11. f4 d5 12. e5 d4 13. exf6 Bxf6 14. Bf2 dxc3 15. bxc3 Bxc3 16. Rb1 Bd4 17. Ne4 Bxf2+ 18. Nxf2 Qd7 19. Qh5 Nd4 20. Qxc5 Bxg2 21. Kxg2 Rac8 22. Qa3 Nxc2 23. Qxa6 Nxe1+ 24. Rxe1 Ra8 25. Qb6 Rxa2 26. Kf1 Qd5 27. Qe3 b4 28. Rb1 b3 29. Qe4 b2 30. Qxd5 exd5 31. Ke2 Rb8 32. Nd1 Ra1 33. Rxb2 Rxb2+ 34. Nxb2 Ra2 0-1

[Event "December 12 Early 2023"]
[Site "https://www.chess.com"]
[Date "2023.12.12"]
[Round "6"]
[White "Kopczynski, Michal"]
[Black "Llari, Marc"]
[Result "1/2-1/2"]
[Board "187"]
[TimeControl "180+1"]
[WhiteFideId "1124200"]
[BlackFideId "651044269"]
[WhiteElo "2537"]
[BlackElo "2272"]
[WhiteTeam "POL"]
[BlackTeam "FRA"]
[WhiteClock "0:00:17"]
[BlackClock "0:00:52"]

1. e4 e6 2. d4 d5 3. Nc3 Bb4 4. e5 c5 5. dxc5 Bxc5 6. f4 Ne7 7. Nf3 Nbc6 8. Bd3 Nb4 9. a3 Nxd3+ 10. Qxd3 a6 11. Bd2 Bd7 12. O-O-O b5 13. g4 h5 14. h3 Rb8 15. f5 exf5 16. Nxd5 Nxd5 17. Qxd5 Qc7 18. Ng5 O-O 19. gxh5 Rbd8 20. Ba5 Bb6 21. Bxb6 Qxb6 22. Qd4 Qxd4 23. Rxd4 Bc6 24. Rhd1 Rxd4 25. Rxd4 Re8 26. Rd6 Bb7 27. Rd7 Bc8 28. Rc7 Be6 29. Kd2 a5 30. Ke3 b4 31. axb4 axb4 32. Kf4 Rd8 33. Nf3 Kh7 34. Rb7 b3 35. cxb3 Rd3 36. b4 Kh6 37. Rb8 g6 38. hxg6 fxg6 39. Ng5 Rd4+ 40. Ke3 Rd5 41. h4 Rxe5+ 42. Kf4 Re2 43. b5 Bc4 44. b6 Rxb2 45. Ke5 Kg7 46. b7 Rb5+ 47. Kd6 Bd5 48. Kc7 Rxb7+ 49. Rxb7 Bxb7 50. Kxb7 Kh6 51. Kc6 Kh5 52. Kd5 Kxh4 53. Nf3+ Kg3 54. Ne5 g5 55. Kd4 g4 56. Ke3 f4+ 57. Ke2 f3+ 58. Kf1 Kf4 59. Nxg4 Kxg4 60. Kf2 Kf4 61. Kf1 Kg4 62. Kf2 Kf4 63. Kf1 Kg3 64. Kg1 Kh3 65. Kf2 Kg4 66. Kf1 Kg3 67. Kg1 Kf4 68. Kf2 Ke4 69. Kf1 Ke3 70. Ke1 f2+ 71. Kf1 Kf3 1/2-1/2

[Event "December 12 Early 2023"]
[Site "https://www.chess.com"]
[Date "2023.12.12"]
[Round "6"]
[White "Golubenko, Valentina"]
[Black "Coro, Lucas"]
[Result "0-1"]
[Board "188"]
[TimeControl "180+1"]
[WhiteFideId "4501993"]
[BlackFideId "147222"]
[WhiteElo "2240"]
[BlackElo "2504"]
[WhiteTeam "CRO"]
[BlackTeam "ARG"]
[WhiteClock "0:00:07"]
[BlackClock "0:00:05"]

1. e4 c6 2. d4 d5 3. e5 Bf5 4. Nf3 e6 5. Be2 Nd7 6. O-O Bg6 7. c4 dxc4 8. Nc3 Nb6 9. a4 a5 10. b3 Bb4 11. Bd2 cxb3 12. Qxb3 Ne7 13. Nh4 O-O 14. Nxg6 hxg6 15. Be3 Nf5 16. Rfd1 Bxc3 17. Qxc3 Nd5 18. Qb3 Rb8 19. Rab1 Qe7 20. h3 Rfd8 21. Bd3 Nfxe3 22. fxe3 Nxe3 23. Re1 Nd5 24. Rbc1 Qg5 25. Be4 Nb4 26. Rc5 Rxd4 27. Rxa5 Qd2 28. Qe3 Qb2 29. Ra7 c5 30. Rb1 Nc2 31. Rxb2 Nxe3 32. Raxb7 Rxb7 33. Bxb7 Rd1+ 34. Kf2 Nc4 35. Rc2 Nxe5 36. a5 c4 37. a6 Ra1 38. Ke3 f6 39. Kd4 Kf7 40. Rb2 Ke7 41. Bc8 Kd6 42. Rb6+ Kc7 43. Rxe6 Kxc8 44. g4 Kd7 45. Rb6 Kc7 46. Rb7+ Kc6 47. Rxg7 Rxa6 48. g5 fxg5 49. Kxe5 Kc5 50. Rf7 c3 51. Rf1 Kc4 52. Ke4 c2 53. Rc1 Kc3 54. Kf3 Kd2 55. Rxc2+ Kxc2 56. Kg4 Ra5 0-1

[Event "December 12 Early 2023"]
[Site "https://www.chess.com"]
[Date "2023.12.12"]
[Round "6"]
[White "Kuchava, Ana"]
[Black "Omariev, Maksim"]
[Result "1-0"]
[Board "189"]
[TimeControl "180+1"]
[WhiteFideId "13605348"]
[BlackFideId "4193423"]
[WhiteElo "2203"]
[BlackElo "2492"]
[WhiteTeam "GEO"]
[BlackTeam "RUS"]
[WhiteClock "0:00:09"]
[BlackClock "0:00:00"]

1. d4 h5 2. e4 h4 3. Nc3 d6 4. Bg5 h3 5. Nxh3 Bxh3 6. gxh3 Qd7 7. Bg2 Nc6 8. Qd2 e5 9. dxe5 Nxe5 10. O-O-O Be7 11. Bf4 Ng6 12. Bg3 O-O-O 13. Kb1 Kb8 14. Rhe1 Nh4 15. Bh1 Qxh3 16. Qd4 Bf6 17. Qb4 Qg4 18. h3 Qc8 19. Nb5 Ne7 20. Nxc7 Nc6 21. Na6+ Ka8 22. Qa4 bxa6 23. e5 Bxe5 24. Bxc6+ Kb8 25. Bxh4 Rxh4 26. Qxh4 g5 27. Qb4+ Kc7 28. Bd5 Qb8 29. Qxb8+ Rxb8 30. b3 Rb5 31. c4 Rb8 32. Rg1 f6 33. Rg4 Rh8 34. Rh1 a5 35. h4 Kb6 36. hxg5 Rf8 37. g6 f5 38. Rg5 1-0

[Event "December 12 Early 2023"]
[Site "https://www.chess.com"]
[Date "2023.12.12"]
[Round "6"]
[White "Borawski, Jakub"]
[Black "Kleibel, Uwe"]
[Result "1-0"]
[Board "190"]
[TimeControl "180+1"]
[WhiteFideId "1143000"]
[BlackFideId "1270982"]
[WhiteElo "2198"]
[BlackElo "2326"]
[WhiteTeam "POL"]
[BlackTeam "GER"]
[WhiteClock "0:00:54"]
[BlackClock "0:00:02"]

1. f4 e5 2. fxe5 d6 3. exd6 Bxd6 4. Nf3 g5 5. g3 g4 6. Nh4 Nf6 7. Bg2 Nc6 8. d4 Nxd4 9. O-O Ne6 10. Kh1 Be7 11. Qe1 c6 12. Nf5 h5 13. Qc3 h4 14. gxh4 Bd7 15. Nxe7 Qxe7 16. Qxf6 Qxf6 17. Rxf6 Rxh4 18. Nc3 Ke7 19. Ne4 Rah8 20. Be3 Rxh2+ 21. Kg1 b6 22. Raf1 Be8 23. Ng3 c5 24. c3 Kd7 25. Rd1+ Kc7 26. Rxe6 fxe6 27. Bf4+ Kc8 28. Ne4 Bc6 29. Bxh2 1-0

[Event "December 12 Early 2023"]
[Site "https://www.chess.com"]
[Date "2023.12.12"]
[Round "6"]
[White "Yushko, Olga"]
[Black "Schut, Han"]
[Result "1/2-1/2"]
[Board "191"]
[TimeControl "180+1"]
[WhiteFideId "14114500"]
[BlackFideId "1005561"]
[WhiteElo "2110"]
[BlackElo "2289"]
[WhiteTeam "UKR"]
[BlackTeam "NED"]
[WhiteClock "0:00:06"]
[BlackClock "0:00:11"]

1. d4 Nf6 2. c4 g6 3. Nf3 Bg7 4. Nc3 d5 5. Bf4 O-O 6. e3 c5 7. Be2 cxd4 8. exd4 Nc6 9. O-O dxc4 10. Bxc4 a6 11. Be2 b5 12. Rc1 Bb7 13. Re1 Qd7 14. Ne5 Nxe5 15. dxe5 Nd5 16. Nxd5 Qxd5 17. Qxd5 Bxd5 18. Rc7 e6 19. a3 h6 20. Rec1 Rfb8 21. h3 a5 22. Ra1 b4 23. axb4 axb4 24. Raa7 Rxa7 25. Rxa7 Rc8 26. Bd3 Bc4 27. Be4 Rc5 28. Ra8+ Kh7 29. Bf3 Bxe5 30. Be3 Rc7 31. Bb6 Rd7 32. Ra4 Bd5 33. Be2 Bc6 34. Rxb4 Rd2 35. Bg4 Rxb2 36. Rxb2 Bxb2 37. Be2 Kg7 38. Kh2 f5 39. Kg3 Be5+ 40. f4 Bf6 41. Bc4 e5 42. fxe5 Bxe5+ 43. Kf2 h5 44. g3 Be4 45. Be3 Kf6 46. h4 Ke7 47. Bc5+ Bd6 48. Bd4 f4 49. gxf4 Bxf4 50. Bc5+ Kf6 51. Kg1 Kf5 52. Bf2 Kg4 53. Be2+ Bf3 54. Bd3 g5 55. hxg5 Bxg5 56. Bg6 h4 57. Bxh4 Bxh4 58. Kf1 Bg3 59. Bd3 Kf4 60. Be2 Be4 61. Bc4 Ke3 62. Be2 Bf4 63. Bb5 Bf3 64. Bc4 Bg3 65. Bb5 Kf4 66. Be2 Be4 67. Bc4 Kg4 68. Be2+ Kh3 69. Bc4 Bg2+ 70. Kg1 Bh4 71. Bf1 Bxf1 72. Kxf1 1/2-1/2

[Event "December 12 Early 2023"]
[Site "https://www.chess.com"]
[Date "2023.12.12"]
[Round "6"]
[White "Shubhi Gupta"]
[Black "Olcayoz, Gizem"]
[Result "1/2-1/2"]
[Board "192"]
[TimeControl "180+1"]
[WhiteFideId "25195425"]
[BlackFideId "6301444"]
[WhiteElo "2287"]
[BlackElo "2022"]
[WhiteTeam "IND"]
[BlackTeam "TUR"]
[WhiteClock "0:00:58"]
[BlackClock "0:00:24"]

1. d4 e6 2. e4 d5 3. Nc3 Bb4 4. exd5 exd5 5. Bd3 Nc6 6. Nf3 Bg4 7. O-O Bxc3 8. bxc3 Nge7 9. Re1 Qd6 10. a4 O-O-O 11. Ba3 Qf6 12. Be2 h5 13. Ne5 Nxe5 14. dxe5 Qe6 15. Bxg4 hxg4 16. Bxe7 Qxe7 17. Qxg4+ Kb8 18. Qb4 Qg5 19. Rab1 b6 20. a5 Rh4 21. Qb5 Rdh8 22. axb6 axb6 23. Qxd5 Rxh2 24. g3 Qh5 25. Ra1 Rh1+ 26. Kg2 Rh2+ 27. Kg1 Rh1+ 28. Kg2 Rh2+ 29. Kg1 1/2-1/2

[Event "December 12 Early 2023"]
[Site "https://www.chess.com"]
[Date "2023.12.12"]
[Round "7"]
[White "Tologon tegin, Semetei"]
[Black "Martinez Alcantara, Jose Eduardo"]
[Result "0-1"]
[Board "1"]
[TimeControl "180+1"]
[WhiteFideId "13800574"]
[BlackFideId "3805662"]
[WhiteElo "2665"]
[BlackElo "3035"]
[WhiteTeam "KGZ"]
[BlackTeam "PER"]
[WhiteClock "0:00:02"]
[BlackClock "0:00:36"]

1. d4 Nf6 2. Nc3 e6 3. Bf4 Bb4 4. a3 Bxc3+ 5. bxc3 d6 6. Nf3 Qe7 7. e3 Nbd7 8. h3 b6 9. Bh2 Bb7 10. Bd3 Ne4 11. c4 f5 12. a4 a5 13. O-O O-O 14. Nd2 Nxd2 15. Qxd2 e5 16. Rab1 Kh8 17. c3 Bc6 18. Ra1 Rae8 19. Rfe1 Qf6 20. c5 dxc5 21. Bb5 Bxb5 22. axb5 Rd8 23. Rad1 h6 24. Qb2 f4 25. dxe5 Nxe5 26. Qc2 f3 27. Bxe5 Qxe5 28. g3 c4 29. Rd4 Rxd4 30. cxd4 Qxb5 31. Rc1 a4 32. Qa2 Qb3 33. Qd2 a3 34. d5 a2 35. Ra1 Ra8 36. Kh2 c3 37. Qd4 Qb2 38. d6 Qxf2+ 39. Kh1 Qg2# 0-1

[Event "December 12 Early 2023"]
[Site "https://www.chess.com"]
[Date "2023.12.12"]
[Round "7"]
[White "Andreikin, Dmitry"]
[Black "Paravyan, David"]
[Result "1-0"]
[Board "2"]
[TimeControl "180+1"]
[WhiteFideId "4158814"]
[BlackFideId "4194985"]
[WhiteElo "3096"]
[BlackElo "3029"]
[WhiteTeam "FID"]
[BlackTeam "FID"]
[WhiteClock "0:00:05"]
[BlackClock "0:00:04"]

1. d4 Nf6 2. c4 e6 3. Nf3 d5 4. Bg5 dxc4 5. e4 c5 6. Nc3 cxd4 7. Qxd4 Qxd4 8. Nxd4 h6 9. Bh4 a6 10. Bxc4 Bc5 11. Nb3 Ba7 12. f3 Nc6 13. Bf2 Ne5 14. Be2 Bd7 15. Rc1 Bxf2+ 16. Kxf2 Ke7 17. f4 Neg4+ 18. Kg3 h5 19. h3 h4+ 20. Kf3 Nh6 21. Na5 b6 22. Nc4 Bc6 23. Nxb6 Rab8 24. Nc4 Nf5 25. Rhd1 Ng3 26. Bd3 Rhd8 27. Ke3 Ba8 28. b3 Nd5+ 29. exd5 exd5 30. Kf2 dxc4 31. Bxc4 a5 32. Ne2 Ne4+ 33. Ke3 Nd6 34. Kf2 Nxc4 35. Rxd8 Rxd8 36. Rxc4 Rd2 37. Ra4 Bxg2 38. Kxg2 Rxe2+ 39. Kf3 Rh2 40. Kg4 Rg2+ 41. Kxh4 g6 42. Rxa5 Kf6 43. a4 Kg7 44. Rg5 Rb2 45. Rb5 Rg2 46. Rb7 Rg1 47. a5 Rg2 48. a6 Kf6 49. a7 Ra2 50. b4 Ke6 51. b5 f6 52. b6 Ra3 53. Rg7 Kf5 54. b7 g5+ 55. fxg5 Ra4+ 56. Kh5 Ra3 57. h4 Rxa7 58. b8=Q Rxg7 59. Qb5+ Ke6 60. Qb6+ Kf7 61. Qxf6+ Kg8 62. Qxg7+ 1-0

[Event "December 12 Early 2023"]
[Site "https://www.chess.com"]
[Date "2023.12.12"]
[Round "7"]
[White "Xiong, Jeffery"]
[Black "Drygalov, Sergey"]
[Result "1/2-1/2"]
[Board "3"]
[TimeControl "180+1"]
[WhiteFideId "2047640"]
[BlackFideId "24171743"]
[WhiteElo "3051"]
[BlackElo "3013"]
[WhiteTeam "USA"]
[BlackTeam "RUS"]
[WhiteClock "0:00:05"]
[BlackClock "0:00:31"]

1. d4 d5 2. c4 c6 3. Nf3 Nf6 4. cxd5 cxd5 5. Nc3 Nc6 6. Bf4 Nh5 7. Bd2 Nf6 8. Bf4 Nh5 9. Bd2 Nf6 10. Rc1 Bf5 11. Ne5 e6 12. Qa4 Qb6 13. e4 dxe4 14. Bb5 Rc8 15. O-O a6 16. Bxc6+ bxc6 17. Nd1 Qb5 18. Qxb5 axb5 19. Ne3 Bd6 20. Nxc6 Kd7 21. Ne5+ Bxe5 22. dxe5 Nd5 23. Rcd1 Kc6 24. Nxd5 exd5 25. Bb4 Be6 26. f3 Kb6 27. fxe4 dxe4 28. a3 Rc4 29. Rd6+ Kb7 30. Bc3 Rhc8 31. Kf2 R8c6 32. Rxc6 Kxc6 33. Ke3 g6 34. Rd1 Kb7 35. Rf1 h5 36. Rf4 Kc6 37. Rxe4 Rxe4+ 38. Kxe4 Bd5+ 39. Kf4 Bxg2 40. Kg5 Bd5 41. h4 Be6 1/2-1/2

[Event "December 12 Early 2023"]
[Site "https://www.chess.com"]
[Date "2023.12.12"]
[Round "7"]
[White "Shankland, Sam"]
[Black "Aronian, Levon"]
[Result "1/2-1/2"]
[Board "4"]
[TimeControl "180+1"]
[WhiteFideId "2004887"]
[BlackFideId "13300474"]
[WhiteElo "2939"]
[BlackElo "3118"]
[WhiteTeam "USA"]
[BlackTeam "USA"]
[WhiteClock "0:00:10"]
[BlackClock "0:00:08"]

1. d4 Nf6 2. c4 g6 3. Nc3 Bg7 4. e4 O-O 5. Nf3 d6 6. Be2 e5 7. Be3 Ng4 8. Bg5 f6 9. Bc1 Nc6 10. O-O exd4 11. Nxd4 Nxd4 12. Qxd4 f5 13. Qd5+ Rf7 14. exf5 Bxf5 15. h3 Ne5 16. Be3 c6 17. Qd2 Qh4 18. Bg5 Nxc4 19. Qc1 Qd4 20. Rd1 Qc5 21. Na4 Qa5 22. Bxc4 d5 23. Bb3 Re8 24. Nc3 Be6 25. Be3 Qd8 26. Qd2 Be5 27. Ne4 Rf5 28. f4 Bb8 29. Ng5 Bd7 30. Re1 Ref8 31. g3 Qc7 32. h4 h6 33. Nf3 g5 34. hxg5 hxg5 35. Re2 gxf4 36. Bxf4 Qb6+ 37. Be3 Qd8 38. Nd4 Rh5 39. Rh2 Rxh2 40. Qxh2 Qf6 41. Bc2 Rf7 42. Qg2 c5 43. Nb3 d4 44. Bd2 Bc6 45. Qh2 Qf3 46. Bd1 Qe4 47. Bh5 Rg7 48. Re1 Bxg3 49. Rxe4 Bxh2+ 50. Kxh2 Bxe4 51. Nxc5 Rg2+ 52. Kh3 Rxd2 53. Nxe4 Rxb2 54. Bd1 Kg7 55. Bb3 a5 56. Nc5 b5 57. Nd3 Kf6 58. Nxb2 a4 59. Bc2 Ke5 60. Nd3+ Ke4 61. Kg2 Ke3 62. Kf1 Kd2 63. Nb4 Kc3 64. a3 Kb2 65. Ke2 Kxa3 66. Nc6 Kb2 67. Nxd4 a3 68. Bb3 Kc3 69. Ke3 Kb2 70. Kd3 a2 71. Bxa2 Kxa2 72. Nxb5 1/2-1/2

[Event "December 12 Early 2023"]
[Site "https://www.chess.com"]
[Date "2023.12.12"]
[Round "7"]
[White "Indjic, Aleksandar"]
[Black "Nepomniachtchi, Ian"]
[Result "0-1"]
[Board "5"]
[TimeControl "180+1"]
[WhiteFideId "911925"]
[BlackFideId "4168119"]
[WhiteElo "2914"]
[BlackElo "3106"]
[WhiteTeam "SRB"]
[BlackTeam "RUS"]
[WhiteClock "0:00:07"]
[BlackClock "0:00:49"]

1. d4 Nf6 2. c4 g6 3. Nc3 d5 4. Nf3 Bg7 5. h4 c6 6. Bg5 dxc4 7. e4 b5 8. e5 Nd5 9. h5 Be6 10. Bd2 f6 11. Qe2 Nxc3 12. bxc3 Bd5 13. h6 Bf8 14. exf6 Nd7 15. Bg5 Kf7 16. fxe7 Bxe7 17. Be3 Qa5 18. Qd2 b4 19. Bg5 Rhe8 20. Be2 Bxf3 21. Bxc4+ Bd5 22. Bxd5+ Qxd5 23. Be3 Qxg2 0-1

[Event "December 12 Early 2023"]
[Site "https://www.chess.com"]
[Date "2023.12.12"]
[Round "7"]
[White "Le, Tuan Minh"]
[Black "Mitrabha, Guha"]
[Result "1-0"]
[Board "6"]
[TimeControl "180+1"]
[WhiteFideId "12401153"]
[BlackFideId "5057000"]
[WhiteElo "3073"]
[BlackElo "2914"]
[WhiteTeam "VIE"]
[BlackTeam "IND"]
[WhiteClock "0:00:25"]
[BlackClock "0:00:17"]

1. d4 Nf6 2. c4 c5 3. d5 e6 4. Nc3 d6 5. Nf3 a6 6. e4 exd5 7. exd5 g6 8. h3 Bg7 9. Bd3 O-O 10. O-O Nbd7 11. Bf4 Qc7 12. Re1 Re8 13. Qd2 b6 14. a4 Bb7 15. b3 Rxe1+ 16. Rxe1 Re8 17. Rxe8+ Nxe8 18. Qe1 Qd8 19. Ne4 Ndf6 20. Nfg5 Nxe4 21. Nxe4 Bc8 22. a5 bxa5 23. Bd2 Bf5 24. Bxa5 Qe7 25. Qe2 Qe5 26. Bc3 Qe7 27. Bxg7 Kxg7 28. Nxd6 Qxd6 29. Bxf5 Nf6 30. Bd3 h5 31. Qb2 h4 32. Be2 Qf4 33. Qa1 Qd6 34. Qa5 Nd7 35. Bf1 Nf6 36. Qc3 Kg8 37. Qe3 Nd7 38. Qg5 Qf6 39. Qxf6 Nxf6 40. Bd3 a5 41. g3 hxg3 42. fxg3 Ne8 43. Kf2 Kg7 44. Ke3 Kf6 45. h4 Ke5 46. g4 Nf6 47. Be2 Ng8 48. h5 g5 49. Bd3 Nh6 50. Bf5 Ng8 51. Kd2 Nh6 52. Bc8 Ng8 53. Kc2 Nh6 54. Kb2 f5 55. Bxf5 Nxf5 56. gxf5 g4 57. h6 Kf6 58. h7 Kg7 59. h8=Q+ 1-0

[Event "December 12 Early 2023"]
[Site "https://www.chess.com"]
[Date "2023.12.12"]
[Round "7"]
[White "Pranav, V"]
[Black "Ashraf, Artin"]
[Result "0-1"]
[Board "7"]
[TimeControl "180+1"]
[WhiteFideId "25060783"]
[BlackFideId "22514805"]
[WhiteElo "3061"]
[BlackElo "2902"]
[WhiteTeam "IND"]
[BlackTeam "IRI"]
[WhiteClock "0:00:02"]
[BlackClock "0:00:04"]

1. e4 c5 2. Nf3 d6 3. c3 Nf6 4. Be2 Bd7 5. d3 g6 6. O-O Bg7 7. Re1 O-O 8. h3 Nc6 9. Bf1 e5 10. Na3 h6 11. Nc4 Be6 12. a4 Re8 13. Bd2 b6 14. b4 Qc7 15. b5 Nd8 16. a5 Nb7 17. a6 Nd8 18. Ne3 Bd7 19. Qa4 Ne6 20. Rac1 Rac8 21. Red1 Qb8 22. Be1 Nc7 23. Rb1 d5 24. c4 d4 25. Nd5 Ncxd5 26. exd5 e4 27. dxe4 Nxe4 28. Bd3 Qd6 29. Qc2 Nc3 30. Bxc3 dxc3 31. Re1 Qf4 32. Nh2 Bd4 33. Nf3 Bf6 34. Be4 Re7 35. d6 Qxd6 36. Rbd1 Bd4 37. Bd5 Bf5 38. Qc1 c2 39. Rxd4 cxd4 40. Rxe7 Qxe7 41. Nxd4 Qe5 42. Nxf5 Qxf5 43. Kh2 Qd3 44. g3 Qd1 45. Qxh6 Qxd5 46. cxd5 c1=Q 47. Qh4 Qc5 48. Qf6 Qxd5 49. h4 Qf5 50. Qb2 Rc2 51. Qd4 Qxf2+ 52. Qxf2 Rxf2+ 0-1

[Event "December 12 Early 2023"]
[Site "https://www.chess.com"]
[Date "2023.12.12"]
[Round "7"]
[White "Duda, Jan-Krzysztof"]
[Black "Szpar, Milosz"]
[Result "1/2-1/2"]
[Board "8"]
[TimeControl "180+1"]
[WhiteFideId "1170546"]
[BlackFideId "1184989"]
[WhiteElo "3054"]
[BlackElo "2881"]
[WhiteTeam "POL"]
[BlackTeam "POL"]
[WhiteClock "0:00:08"]
[BlackClock "0:00:06"]

1. d4 d5 2. c4 c6 3. Nf3 Nf6 4. Nbd2 Bf5 5. Nh4 Be4 6. e3 e6 7. Qb3 Qc7 8. Be2 Be7 9. O-O O-O 10. Nxe4 dxe4 11. g3 c5 12. dxc5 Nfd7 13. Ng2 Nc6 14. Bd2 Nxc5 15. Qc2 a5 16. Rad1 Bf6 17. Nf4 Rfd8 18. a3 Qb6 19. Bc3 Bxc3 20. Qxc3 Qb3 21. Qxb3 Nxb3 22. Rxd8+ Rxd8 23. Rd1 Rd2 24. Rxd2 Nxd2 25. h4 Ne5 26. Kg2 Ndxc4 27. a4 Nxb2 28. Bb5 Nbd3 29. Ne2 Nc5 30. Nc3 f5 31. Kf1 Kf7 32. Ke2 Ke7 33. Kd2 Ned3 34. f3 Ne5 35. fxe4 fxe4 36. Ke2 Kd6 37. Nd1 Ned3 38. Nc3 Ne5 39. Nd1 Ng4 40. Nc3 Nf6 41. Nd1 Ke5 42. Kd2 Nd5 43. g4 g6 44. g5 Ne7 45. Nb2 Nf5 46. Nc4+ Kd5 47. Nxa5 Nxh4 48. Nc4 Nf3+ 49. Ke2 Nxg5 50. a5 h5 51. Nb6+ Kd6 52. Be8 h4 53. Bxg6 h3 54. Kf2 Nb3 55. Nc4+ Kc5 56. Ne5 Nxa5 57. Kg3 Kd5 58. Nd7 Nc4 59. Nf6+ Ke5 60. Ng4+ Kd6 61. Kf4 Nf3 62. Bxe4 Nfd2 63. Bxb7 e5+ 64. Kg3 Nf1+ 65. Kf2 Nfxe3 66. Nxe3 Nxe3 67. Kxe3 h2 68. Be4 Kc5 69. Bh1 Kb4 70. Be4 Kc3 71. Bh1 Kb2 72. Kd2 e4 73. Bxe4 h1=Q 74. Bxh1 1/2-1/2

[Event "December 12 Early 2023"]
[Site "https://www.chess.com"]
[Date "2023.12.12"]
[Round "7"]
[White "Zemlyanskii, Ivan"]
[Black "Xu, Yi"]
[Result "0-1"]
[Board "9"]
[TimeControl "180+1"]
[WhiteFideId "24249971"]
[BlackFideId "8605564"]
[WhiteElo "3041"]
[BlackElo "2864"]
[WhiteTeam "RUS"]
[BlackTeam "CHN"]
[WhiteClock "0:00:12"]
[BlackClock "0:00:29"]

1. d4 Nf6 2. c4 e6 3. Bf4 d5 4. Nc3 Bb4 5. Qa4+ Nc6 6. e3 O-O 7. Nf3 Bd7 8. Qc2 Ne4 9. Bd3 f5 10. a3 Bxc3+ 11. bxc3 Be8 12. Ne5 Nxe5 13. Bxe5 c6 14. O-O Bg6 15. Rfc1 Nd6 16. cxd5 cxd5 17. Qb3 b6 18. Qb4 Nf7 19. Bf4 Bh5 20. c4 g5 21. Bg3 Nh6 22. Bd6 a5 23. Bxf8 axb4 24. Bxh6 dxc4 25. Bxc4 Qf6 26. Bxg5 Qxg5 27. Bxe6+ Bf7 28. Bxf7+ Kxf7 29. axb4 Rxa1 30. Rxa1 Qe7 31. Rb1 Qc7 32. g3 Qc2 33. Ra1 Qb3 34. Ra7+ Kg6 35. Rc7 Qxb4 36. Rc6+ Kf7 37. Rc7+ Ke6 38. Rxh7 b5 39. Rh6+ Kd5 40. Rf6 Qb1+ 41. Kg2 b4 42. h4 b3 43. h5 b2 44. Rb6 Qe4+ 45. f3 Qc2+ 46. Kh3 b1=Q 47. Rxb1 Qxb1 48. g4 Qh1+ 49. Kg3 fxg4 50. Kxg4 Qg2+ 51. Kf4 Qh3 52. Kg5 Qg3+ 53. Kf6 Qxf3+ 54. Kg6 Qxe3 55. h6 Qxd4 0-1

[Event "December 12 Early 2023"]
[Site "https://www.chess.com"]
[Date "2023.12.12"]
[Round "7"]
[White "Sarana, Alexey"]
[Black "Putnam, Liam"]
[Result "1-0"]
[Board "10"]
[TimeControl "180+1"]
[WhiteFideId "24133795"]
[BlackFideId "30938279"]
[WhiteElo "3029"]
[BlackElo "2851"]
[WhiteTeam "SRB"]
[BlackTeam "USA"]
[WhiteClock "0:01:10"]
[BlackClock "0:00:24"]

1. d4 Nf6 2. c4 e6 3. Nc3 Bb4 4. e3 O-O 5. Bd3 d5 6. a3 Bxc3+ 7. bxc3 b6 8. cxd5 exd5 9. Ne2 Ba6 10. f3 c5 11. O-O Bxd3 12. Qxd3 Re8 13. Ng3 Nc6 14. Bb2 Na5 15. e4 cxd4 16. cxd4 dxe4 17. fxe4 Rc8 18. d5 Nd7 19. Nf5 f6 20. Qg3 g6 21. Nd6 Nc4 22. Nxe8 Qxe8 23. Bxf6 Nxf6 24. Rxf6 Qxe4 25. Rd1 Ne3 26. Re1 Qd4 27. Rf4 1-0